Map: Pillars of Gold LE

Players

SouLeer

  • Race: Zerg Zerg
  • Spawn Location: 1:00

TLHarstem (Harstem) - Winner!

  • Race: Protoss Protoss
  • League: Master
  • Spawn Location: 7:00

Event: DreamHack SC2 Masters 2020 Fall

VOD

Have the link to the VOD?

Description

Time

  • Played on: Sept. 3, 2020, 1:40 p.m.
  • Length: 13:14

All games in this series

Show
View Real Time Build Order
Export as new Build Order

SouLeer Zerg 

Build Orders: Hatch First 

Get SALT Encoding   

  12  0:00  Drone  
  13  0:12  Overlord  
  13  0:20  Drone  
  14  0:31  Drone x2  
  16  0:46  Drone  
  16  0:47  Drone  
  18  0:57  Hatchery  
  18  1:01  Extractor  
  16  1:14  Spawning Pool  
  16  1:17  Drone  
  16  1:20  Drone  
  16  1:24  Drone  
  18  1:29  Drone  
  19  1:42  Overlord  
  19  2:00  Queen  
  21  2:04  Zergling x4  
  21  2:05  Metabolic Boost  
  23  2:13  Queen  
  25  2:17  Zergling x2  
  25  2:20  Drone  
  27  2:23  Drone  
  27  2:26  Drone  
  29  2:32  Drone  
  29  2:35  Drone  
  31  2:48  Hatchery  
  30  2:52  Drone  
  30  2:53  Drone  
  30  2:57  Overlord  
  32  3:02  Drone  
  33  3:08  Queen  
  33  3:10  Drone  
  36  3:16  Drone x2  
  36  3:19  Drone x2  
  39  3:27  Overlord  
  39  3:32  Drone x3  
  42  3:35  Spore Crawler  
  42  3:37  Drone  
  42  3:43  Overlord  
  42  3:46  Overlord  
  42  3:48  Drone x2  
  44  3:52  Spore Crawler  
  44  3:53  Drone  
  44  3:57  Drone  
  44  3:58  Drone  
  44  4:01  Overlord  
  46  4:06  Queen  
  46  4:09  Drone x2  
  50  4:15  Drone  
  51  4:19  Drone x2  
  51  4:20  Spore Crawler  
  51  4:24  Drone x3  
  54  4:27  Drone x2  
  54  4:31  Overlord  
  57  4:34  Drone x3  
  57  4:36  Drone  
  59  4:39  Queen  
  59  4:44  Zergling x6  
  64  4:48  Lair  
  63  4:58  Drone x2, Evolution Chamber  
  64  5:00  Drone, Extractor  
  64  5:01  Extractor, Roach Warren  
  64  5:03  Overlord  
  64  5:05  Drone  
  63  5:09  Queen  
  63  5:10  Drone  
  63  5:11  Drone  
  63  5:12  Drone  
  68  5:15  Drone x2  
  68  5:17  Drone x2  
  68  5:18  Drone  
  73  5:22  Overlord  
  73  5:25  Drone x2  
  73  5:26  Drone x2  
  77  5:30  Zerg Melee Weapons Level 1  
  77  5:32  Drone, Extractor  
  77  5:33  Extractor  
  76  5:39  Drone x5  
  81  5:43  Overlord  
  81  5:48  Drone x2  
  81  5:49  Glial Reconstitution  
  79  5:51  Hatchery  
  79  5:55  Baneling Nest  
  77  5:58  Extractor  
  77  6:00  Overseer  
  77  6:01  Overlord  
  77  6:03  Pneumatized Carapace  
  80  6:04  Roach x2  
  80  6:08  Roach x3  
  86  6:14  Drone x2  
  86  6:16  Roach x3  
  94  6:21  Roach x3  
  100  6:26  Overlord  
  100  6:33  Zergling x12  
  100  6:37  Zergling x2  
  100  6:38  Zergling x4  
  109  6:42  Centrifical Hooks  
  109  6:44  Zergling x10  
  114  6:52  Zergling x2  
  115  6:57  Zergling x4  
  117  7:04  Roach x2  
  117  7:05  Baneling x3  
  117  7:06  Baneling x6  
  117  7:08  Roach x5  
  131  7:12  Overlord  
  131  7:13  Overlord x2  
  131  7:14  Roach x2  
  135  7:16  Ravager  
  135  7:17  Baneling x4  
  136  7:26  Overlord  
  136  7:31  Zerg Melee Weapons Level 2, Overlord  
  136  7:33  Drone x4  
  136  7:34  Drone x2  
  136  7:35  Ravager x4  
  146  7:37  Zergling x2  
  146  7:39  Zergling x6  
  146  7:40  Zergling x2  
  150  7:45  Zergling x2  
  150  7:46  Zergling x10  
  150  7:50  Zergling x6  
  159  7:53  Zergling x2  
  160  7:59  Zergling x12  
  166  8:08  Overlord  
  166  8:09  Zergling x2  
  166  8:12  Overlord  
  167  8:14  Infestation Pit  
  167  8:15  Zergling x8, Overlord  
  167  8:18  Zergling x2  
  167  8:19  Overlord  
  163  8:23  Drone x5  
  163  8:26  Extractor  
  165  8:27  Overlord  
  165  8:29  Drone x3  
  165  8:32  Zergling x6  
  169  8:39  Roach  
  166  8:44  Roach x3  
  166  8:47  Baneling x14  
  166  8:48  Roach, Baneling x8  
  163  8:51  Ravager x6  
  163  8:52  Roach  
  163  8:54  Zergling x2  
  163  8:55  Zergling x6  
  171  8:57  Zergling x6  
  171  9:01  Zergling x2  
  168  9:05  Zergling x4  
  168  9:08  Zergling x2  
  163  9:10  Zergling x2  
  163  9:14  Zergling x2  
  163  9:16  Zergling x2  
  166  9:20  Zergling x6  
  166  9:23  Zergling x10  
  143  9:24  Zergling x2  
  143  9:27  Queen  
  143  9:28  Roach  
  127  9:31  Roach  
  127  9:34  Roach  
  127  9:36  Roach x2  
  116  9:42  Roach  
  116  9:43  Baneling  
  116  9:44  Baneling x13  
  118  9:46  Roach  
  118  9:51  Roach x5  
  130  9:53  Roach  
  130  9:56  Ravager  
  130  9:57  Ravager x4, Hatchery  
  130  9:58  Zergling x12  
  130  9:59  Zergling x8  
  146  10:01  Zergling x2  
  146  10:03  Baneling x2  
  146  10:04  Baneling x4  
  146  10:07  Zergling x4  
  146  10:11  Zergling x4  
  146  10:20  Zergling x6  
  125  10:23  Hive  
  125  10:26  Roach x7  
  129  10:29  Zergling x6  
  129  10:34  Zergling x6  
  133  10:36  Baneling x4  
  133  10:40  Queen  
  133  10:41  Queen  
  137  10:44  Zerg Missile Weapons Level 1  
  137  10:45  Drone x2  
  137  10:46  Drone  
  140  10:56  Drone  
  140  10:57  Zergling x18  
  150  11:04  Zergling x4  
  150  11:05  Overlord x2  
  150  11:06  Overlord  
  150  11:08  Overlord  
  152  11:15  Zergling x12  
  157  11:27  Baneling  
  157  11:28  Drone, Baneling x8  
  157  11:29  Drone x10  
  168  11:36  Zergling x2  
  168  11:37  Zergling x14  
  168  11:38  Zergling x2  
  177  11:41  Zergling x6  
  179  11:49  Ultralisk Cavern  
  179  11:53  Zergling x8  
  180  11:54  Zergling x2  
  180  11:56  Baneling x4  
  180  12:01  Baneling x8  
  178  12:03  Zergling x4  
  178  12:04  Zergling x2  
  178  12:07  Zergling x6  
  178  12:08  Zergling x2  
  180  12:12  Drone x2  
  182  12:20  Overlord  
  181  12:23  Baneling  
  181  12:24  Baneling x15  
  181  12:25  Overlord  
  181  12:31  Zergling x4  
  181  12:36  Baneling x2  
  181  12:38  Hatchery  
  181  12:42  Zergling x2  
  181  12:43  Zergling x32  
  166  12:47  Zergling x8  
  166  12:48  Zergling x6  
  166  12:50  Zergling x6  
  169  12:54  Zergling x4  
  169  12:55  Zergling x6  
Show
View Real Time Build Order
Export as new Build Order

TLHarstem Protoss - Winner!

Build Orders: 1 Gate Expand, Oracle Opening, Zealot Archon 

Get SALT Encoding   

  12  0:00  Probe  
  13  0:12  Probe  
  14  0:20  Pylon  
  14  0:24  Probe  
  15  0:38  Probe (Chrono Boost)  
  16  0:43  Gateway  
  16  0:47  Probe (Chrono Boost)  
  17  0:52  Assimilator, Probe  
  18  1:04  Probe  
  19  1:21  Probe  
  20  1:28  Nexus  
  20  1:39  Cybernetics Core  
  20  1:42  Probe  
  21  1:51  Assimilator  
  21  1:54  Probe  
  22  1:57  Pylon  
  22  2:06  Probe  
  23  2:13  Adept (Chrono Boost)  
  23  2:18  Probe  
  26  2:26  Stargate  
  26  2:30  Probe  
  26  2:35  Adept  
  29  2:40  Probe (Chrono Boost)  
  29  2:42  Warp Gate  
  31  2:48  Probe (Chrono Boost)  
  32  2:51  Probe (Chrono Boost)  
  32  2:55  Pylon  
  32  2:56  Probe x2 (Chrono Boost)  
  34  3:04  Gateway  
  34  3:08  Oracle (Chrono Boost)  
  37  3:13  Probe  
  37  3:17  Probe  
  39  3:25  Probe  
  40  3:29  Probe  
  41  3:35  Oracle (Chrono Boost)  
  41  3:37  Probe  
  41  3:39  Adept  
  41  3:41  Probe  
  48  3:47  Unknown  
  48  3:49  Probe  
  48  3:53  Probe  
  49  4:00  Nexus  
  49  4:01  Pylon  
  49  4:04  Probe (Chrono Boost)  
  49  4:05  Probe (Chrono Boost)  
  51  4:15  Robotics Facility  
  51  4:17  Probe x2 (Chrono Boost)  
  52  4:21  Assimilator  
  53  4:25  Assimilator, Probe (Chrono Boost)  
  53  4:26  Probe (Chrono Boost)  
  53  4:27  Pylon  
  55  4:35  Probe  
  55  4:36  Probe  
  55  4:38  Zealot, Sentry  
  61  4:44  Forge  
  61  4:47  Probe  
  61  4:48  Probe  
  61  4:51  Twilight Council  
  63  4:59  Probe  
  64  5:00  Probe  
  64  5:01  Gateway  
  64  5:03  Gateway  
  64  5:04  Observer (Chrono Boost)  
  66  5:08  Shield Battery  
  66  5:11  Probe  
  66  5:12  Probe (Chrono Boost)  
  66  5:13  Probe (Chrono Boost)  
  69  5:15  Protoss Ground Weapons Level 1 (Chrono Boost)  
  69  5:23  Probe (Chrono Boost)  
  69  5:24  Probe (Chrono Boost)  
  72  5:29  Pylon  
  72  5:30  Probe (Chrono Boost)  
  72  5:32  Probe (Chrono Boost)  
  72  5:33  Probe (Chrono Boost)  
  72  5:34  Charge  
  74  5:36  Templar Archives  
  74  5:37  Probe x2 (Chrono Boost)  
  74  5:38  Probe  
  74  5:41  Assimilator  
  77  5:48  Probe  
  77  5:49  Probe  
  79  5:50  Probe  
  79  5:52  Observer, Gateway  
  79  5:53  Gateway  
  79  5:56  Assimilator  
  80  6:01  Probe x2  
  80  6:02  Probe  
  83  6:09  Gateway, Pylon  
  83  6:11  Gateway  
  83  6:13  Probe  
  83  6:14  Warp Prism (Chrono Boost), High Templar x2  
  90  6:21  Gateway  
  90  6:23  Archon  
  90  6:24  High Templar  
  92  6:27  Probe  
  92  6:29  Pylon  
  93  6:35  High Templar  
  95  6:40  Archon  
  95  6:42  Probe  
  95  6:43  Pylon  
  95  6:44  Phoenix (Chrono Boost)  
  98  6:49  Zealot, High Templar x2, Photon Cannon  
  98  6:50  Zealot  
  98  6:54  Archon  
  106  6:59  Immortal (Chrono Boost), Probe  
  107  7:05  Zealot x3  
  117  7:10  Pylon  
  117  7:13  Protoss Ground Weapons Level 2 (Chrono Boost), Nexus  
  117  7:15  Pylon  
  117  7:21  Forge  
  117  7:28  Probe x3  
  120  7:30  High Templar x2, Pylon  
  120  7:32  Pylon  
  120  7:35  Archon  
  124  7:40  Probe  
  124  7:43  Probe  
  126  7:46  High Templar x2, Photon Cannon  
  126  7:47  Zealot  
  126  7:49  Shield Battery  
  126  7:50  Photon Cannon  
  132  7:52  Shield Battery, Pylon  
  132  7:53  Archon  
  132  7:54  Immortal  
  136  8:04  High Templar x2  
  136  8:05  Zealot x4  
  148  8:08  Archon  
  148  8:18  Stalker  
  148  8:19  Stalker x2  
  154  8:23  Void Ray (Chrono Boost), Protoss Shields Level 1 (Chrono Boost)  
  154  8:26  Zealot x4  
  154  8:30  Probe  
  146  8:40  Zealot x2  
  141  8:42  Zealot x3  
  141  8:44  Probe  
  143  8:48  High Templar  
  143  8:49  High Templar  
  143  8:53  Zealot x2  
  143  8:55  Probe  
  144  8:56  Probe  
  144  8:57  Probe  
  144  9:02  Zealot x3  
  149  9:03  Archon  
  149  9:09  Probe  
  150  9:10  Probe  
  150  9:11  Probe x2  
  150  9:14  Assimilator  
  153  9:19  Assimilator  
  153  9:20  Zealot x2, High Templar x2  
  153  9:21  Probe  
  153  9:22  Probe  
  153  9:24  Protoss Ground Weapons Level 3 (Chrono Boost), Archon  
  139  9:33  Zealot x2  
  139  9:34  Zealot x3  
  139  9:35  Warp Prism (Chrono Boost), Probe  
  139  9:36  Probe  
  149  9:43  High Templar x2, Pylon  
  153  9:46  Pylon  
  153  9:50  Archon  
  153  9:52  Probe  
  154  9:55  High Templar x2  
  154  9:56  Zealot x2  
  154  9:57  Pylon  
  162  10:00  Zealot  
  162  10:01  Pylon, Archon  
  162  10:02  Zealot  
  162  10:04  Zealot  
  154  10:17  Zealot x4  
  141  10:23  Probe  
  141  10:25  Immortal (Chrono Boost)  
  141  10:26  Protoss Shields Level 2 (Chrono Boost)  
  124  10:33  High Templar  
  124  10:34  Zealot x3, High Templar  
  130  10:38  Archon  
  130  10:40  Zealot x4  
  138  10:56  High Templar x2  
  142  10:57  Shield Battery  
  142  10:58  Nexus  
  142  11:00  Probe x2  
  142  11:02  High Templar x2, Pylon, Archon  
  142  11:03  High Templar x2  
  152  11:11  Archon x2  
  152  11:12  Zealot x3, Immortal (Chrono Boost)  
  152  11:17  Probe x3  
  152  11:18  Probe  
  162  11:29  High Templar x2, Probe  
  162  11:30  Photon Cannon  
  162  11:32  Photon Cannon  
  167  11:34  Zealot x3  
  167  11:35  Archon  
  167  11:37  Probe  
  167  11:39  High Templar x2  
  178  11:40  Observer (Chrono Boost)  
  178  11:41  Assimilator  
  178  11:42  Assimilator  
  178  11:43  Pylon, Archon  
  177  11:52  High Templar x2  
  177  11:53  Probe  
  180  11:58  Zealot x3  
  180  12:00  Photon Cannon  
  180  12:01  Photon Cannon  
  184  12:02  Archon  
  184  12:05  Immortal  
  184  12:07  Zealot x2  
  188  12:09  Probe  
  188  12:14  Photon Cannon  
  183  12:16  Pylon  
  183  12:18  High Templar x2  
  183  12:19  Zealot x3  
  193  12:22  Archon  
  193  12:25  Zealot x2  
  197  12:31  Zealot  
  197  12:39  Pylon  
  187  12:50  Zealot x6  
  191  12:52  Zealot x3  
  178  13:10  Zealot x4  
  178  13:11  Zealot x2  

Tags
 
Add a new tag
Caveats
  • Supply blocks, unpowered buildings, or Contaminate may cause inaccurate times.
  • Supply counts are checked every 10 seconds.